 Dungeon Crawl Stone Soup version 0.32-a0-666-ge8a88695a4 (webtiles) character file.

Game seed: 13845785014428113963

707 juan097 the Charlatan (level 7, -4/54 HPs)
             Began as a Coglin Artificer on Mar 9, 2024.
             Slain by an unseen horror (8 damage)
             ... on level 4 of the Dungeon.
             The game lasted 00:09:32 (3617 turns).

juan097 the Charlatan (Coglin Artificer)            Turns: 3617, Time: 00:09:32

Health: -4/54      AC:  6    Str: 12    XL:     7   Next: 67%
Magic:  7/7        EV: 11    Int: 10    God:
Gold:   277        SH:  0    Dex: 17    Spells: 6/6 levels left

rFire   . . .        k - +2 short sword (elec) {Joji}
rCold   . . .        f - +0 dagger {Chiraphon}
rNeg    . . .        y - +0 ring mail
rPois   .            n - +0 helmet
rElec   .            (no cloak)
rCorr   .            (no gloves)
SInv    .            (no boots)
Will    .....        (amulet unavailable)
Stlth   ++           (ring unavailable)
HPRegen 0.29/turn    (ring unavailable)
MPRegen 0.10/turn    (no gizmo)

%: no passive effects
@: no status effects
A: off-hand wielding, slow wielding, warmup strikes, no jewellery
a: Invent Gizmo


You were on level 4 of the Dungeon.
You visited 1 branch of the dungeon, and saw 5 of its levels.

You collected 277 gold pieces.

Inventory:

Hand Weapons
 a - a +0 club {Xiang}
 f - a +0 dagger (offhand) {Chiraphon}
 k - a +2 short sword of electrocution (weapon) {Joji}
Armour
 b - a +0 leather armour
 n - a +0 helmet (worn)
 y - a +0 ring mail (worn)
Wands
 c - a wand of flame (10) (quivered)
 d - a wand of charming (14)
 e - a wand of iceblast (4)
 m - a wand of warping (6)
Scrolls
 g - 4 scrolls of identify {unknown}
 j - a scroll of immolation
 p - a scroll of fear {unknown}
 q - a scroll of teleportation {unknown}
 r - 2 scrolls of enchant armour {unknown}
 s - a scroll of fog {unknown}
 u - a scroll of acquirement {unknown}
 w - a scroll of vulnerability {unknown}
Potions
 h - a potion of brilliance {unknown}
 i - a potion of resistance {unknown}
 l - a potion of degeneration {unknown}
 o - 2 potions of curing {unknown}
 t - 2 potions of haste {unknown}
 v - a potion of magic {unknown}
 x - 2 potions of heal wounds {unknown}


   Skills:
 - Level 4.0 Fighting
 + Level 3.3 Short Blades
 + Level 2.3 Armour
 + Level 1.6 Dodging
 + Level 3.8 Stealth
 - Level 6.0 Evocations


You had 6 spell levels left.
You didn't know any spells.
Your spell library contained the following spells:

 Spells                   Type           Power      Damage    Failure   Level
 Static Discharge         Conj/Air       0%         3-3/arc   77%         2
 Summon Ice Beast         Ice/Summ       0%         N/A       94%         3
 Airstrike                Air            0%         2d(0-16)  100%        4
 Summon Lightning Spire   Summ/Air       0%         N/A       100%        4
 Summon Mana Viper        Hex/Summ       0%         N/A       100%        5
 Monstrous Menagerie      Summ           0%         N/A       100%        7


Dungeon Overview and Level Annotations

Branches:
Dungeon (5/15)
 Temple: D:4-7

Altars:

Shops:
D:1 [   D:3 :

Annotations:
D:3 1 runed translucent door, Natasha; ytrimaz's ghost, amateur OpSh
D:4 2 transporters, CougarLife's ghost, amateur GrEE


Innate Abilities, Weirdness & Mutations

You can wield a second weapon in your off-hand.
It takes a long time for you to wield or remove held weapons.
Your first few attacks do less damage.
You cannot equip rings or amulets.


Message History

Something hits you.
There is a stone staircase leading down, spattered with blood here.
You start resting.
Something hits you.
There is a strange disturbance nearby!
Something hits you. Something hits you but does no damage. Something hits you.
There is a stone staircase leading down, spattered with blood here.
You climb downwards.
Reactivating autopickup.
The iguana barely misses you. The iguana bites you!
* * * LOW HITPOINT WARNING * * *
There is a stone staircase leading up, spattered with blood here.
You closely miss the orc wizard with your +2 short sword of electrocution.
You miss the orc wizard with your +0 dagger.
Okay, then.
Okay, then.
Okay, then.
Okay, then.
The iguana bites you but does no damage.
The orc wizard hits you with a +0 club.
* * * LOW HITPOINT WARNING * * *
You climb upwards.
Level annotation: 2 transporters, CougarLife's ghost, amateur GrEE Something hits you but does no damage.
Deactivating autopickup; reactivate with Ctrl-A.
Something hits you.
* * * LOW HITPOINT WARNING * * *
There is a stone staircase leading down, spattered with blood here.
Aiming: Warp Space
Press: ? - help, Shift-Dir - straight line Space twists violently!
The rupture engulfs something!
The rupture engulfs you!
* * * LOW HITPOINT WARNING * * *
The rupture engulfs the orc wizard!
You kill the orc wizard!
The rupture engulfs the iguana!
The iguana blinks!
You kill the iguana!
Something hits you!
You die...

.............#
##########..## #.##
##.# #..# #.##
########.# #####
##..#..[### ###[..#
...##.>...###..{@[#
#####.).......†)§.#
####....ß....###
##.####.....###
##..##.##...##
##..##......##
...###....###
....#....##
###......#


There were no monsters in sight!

Vanquished Creatures
  A black bear (D:4)
  3 scorpions
  A hound (D:4)
  An orc priest (D:4)
  A gnoll bouda (D:4)
  Natasha (D:3)
  3 iguanas
  A sleepcap (D:5)
  2 orc wizards
  Robin (D:2)
  9 gnolls
  6 adders
  A ribbon worm (D:3)
  2 dart slugs
  5 orcs
  3 ball pythons
  3 bats
  6 endoplasms
  3 giant cockroaches
  7 goblins
  6 hobgoblins
  6 jackals
  4 kobolds
  2 quokkas
  3 frilled lizards
81 creatures vanquished.

Notes
Turn   | Place    | Note
-------+----------+-------------------------------------------
     0 | D:1      | juan097 the Coglin Artificer began the quest for the Orb.
     0 | D:1      | Reached XP level 1. HP: 15/15 MP: 1/1
   265 | D:1      | Reached skill level 1 in Stealth
   315 | D:1      | Reached XP level 2. HP: 19/21 MP: 2/2
   833 | D:1      | Found Ini Xaaj's Armour Emporium.
  1022 | D:2      | Reached XP level 3. HP: 20/27 MP: 3/3
  1259 | D:2      | Noticed Robin
  1266 | D:2      | Killed Robin
  1267 | D:2      | Reached XP level 4. HP: 34/34 MP: 4/4
  1281 | D:2      | Found a faded altar of an unknown god.
  1525 | D:3      | Reached skill level 1 in Short Blades
  1616 | D:3      | Found Ytik's Vocational Training.
  1751 | D:3      | Found a runed translucent door.
  1756 | D:3      | Noticed a bullfrog
  1756 | D:3      | Noticed ytrimaz's ghost (amateur OpSh)
  1851 | D:3      | Noticed Natasha
  1856 | D:3      | Killed Natasha
  1857 | D:3      | Reached skill level 5 in Evocations
  1857 | D:3      | Reached XP level 5. HP: 41/41 MP: 5/5
  1999 | D:3      | Noticed Natasha
  2229 | D:4      | Reached XP level 6. HP: 15/48 MP: 6/6
  2496 | D:4      | Found a transporter.
  2497 | D:4      | Noticed CougarLife's ghost (amateur GrEE)
  2498 | D:4      | Identified the +7 dire flail of the Ecumenical Temple
                  | {heavy, Will+ Str+3}
  2502 | D:4      | Found a transporter.
  2828 | D:4      | Noticed a sky beast
  2853 | D:4      | Noticed a black bear
  2867 | D:4      | Killed a black bear
  2868 | D:4      | Reached skill level 6 in Evocations
  2868 | D:4      | Reached XP level 7. HP: 15/54 MP: 7/7
  3160 | D:5      | Entered Level 5 of the Dungeon
  3229 | D:5      | Reached skill level 1 in Dodging
  3617 | D:4      | Slain by an unseen horror

Illustrated notes

Levels and vault maps discovered:
D:1:      giann_forest_graveyard, layout_loops_ring, serial_shops,
          nicolae_shop_tiny_real_fake_doors
D:2:      layout_rooms, shapermc_ecumenical_altar_notcrosses, uniq_robin
D:3:      layout_basic, ebering_ghost_inner_flame, nicolae_shop_vocational,
          uniq_natasha
D:4:      layout_rooms, gammafunk_ghost_smash, serial_bayou_pond_d,
          grunt_ministairs_12
D:5:      layout_rooms, minmay_temple_entry_antechambers,
          corexii_hall_statues_x, minmay_stone_trees_small

Skill      XL: |  1  2  3  4  5  6  7 |
---------------+----------------------+-----
Stealth        | 1 2 3 |  3.8
Fighting       | 2 3 4 |  4.0
Short Blades   | 1 2 3 |  3.3
Evocations     | 5 6 |  6.0
Dodging        | 1 |  1.6
Armour         | 2 |  2.3

Action                     |  1- 3 |  4- 6 |  7- 9 || total
---------------------------+-------+-------+-------++-------
  Melee: Dagger            |    58 |    69 |    50 ||   177
         Club              |    29 |       |       ||    29
         Short sword       |    34 |    78 |    49 ||   161
  Evoke: Wand              |       |     8 |     1 ||     9
   Stab: Sleeping          |     4 |     4 |     2 ||    10
         Distracted        |       |     1 |       ||     1
 Armour: Leather armour    |    37 |    34 |       ||    71
         Ring mail         |       |    15 |    56 ||    71
  Dodge: Dodged            |    46 |    51 |    21 ||   118

Table legend: (Time is in decaauts)
 A = Elapsed time spent in this place.
 B = Non-inter-level travel time spent in this place.
 C = Inter-level travel time spent in this place.
 D = Time resting spent in this place.
 E = Time spent auto-exploring this place.
 F = Levels seen in this place.
 G = Mean time per level.
                   A        B        C        D        E       F      G
               +--------+--------+--------+--------+--------+-----+--------+
         Total |   3623 |   3402 |    221 |    357 |   2254 |   5 |  724.6 |
       Dungeon |   3623 |   3402 |    221 |    357 |   2254 |   5 |  724.6 |
               +--------+--------+--------+--------+--------+-----+--------+

Top non-repeatable levels by time:
     D:1: 976 daAuts
     D:4: 941 daAuts
     D:3: 841 daAuts
     D:2: 551 daAuts
     D:5: 311 daAuts
